 Dungeon Crawl Stone Soup version 0.20.1-1-g8b1a95d (webtiles) character file.

189 HeyBub the Slasher (level 5, -1/46 HPs)
             Began as a Draconian Monk on July 9, 2017.
             Slain by Sigmund
             ... wielding a +1 scythe of freezing
              (13 damage)
             ... on level 3 of the Dungeon.
             The game lasted 00:03:29 (1931 turns).

HeyBub the Slasher (Draconian Monk)                 Turns: 1931, Time: 00:03:30

Health: -1/46      AC: 10    Str: 14    XL:     5   Next: 40%
Magic:  5/5        EV: 13    Int: 11    God:
Gold:   171        SH:  0    Dex: 13    Spells: 4/4 levels left

rFire    . . .     SeeInvis .   a - +0 falchion
rCold    + . .     Gourm    .   (no shield)
rNeg     . . .     Faith    .   (armour unavailable)
rPois    .         Spirit   .   o - +2 hat
rElec    .         Reflect  .   (no cloak)
rCorr    .         Harm     .   (no gloves)
MR       .....                  (no boots)
Stlth    ++........             p - amulet of magic regeneration
Regen    0.2/turn               k - ring of protection from cold
MPRegen  0.2/turn               l - +3 ring of protection

@: no status effects
A: unfitting armour, cold-blooded, AC +5
a: no special abilities


You were on level 3 of the Dungeon.
You were hungry.

You visited 1 branch of the dungeon, and saw 3 of its levels.

You collected 171 gold pieces.

Inventory:

Hand Weapons
 a - a +0 falchion (weapon)
Armour
 o - a +2 hat (worn)
Jewellery
 k - a ring of protection from cold (left hand)
 l - a +3 ring of protection (right hand)
 p - an amulet of magic regeneration (around neck)
Wands
 m - a wand of polymorph (21/24)
Scrolls
 c - a scroll of enchant weapon {unknown}
 d - a scroll of identify
 e - a scroll of blinking {unknown}
 f - a scroll of enchant armour
 g - a scroll of remove curse {unknown}
Potions
 h - 2 potions of curing {unknown}
 i - 2 potions of mutation {unknown}
 j - 2 potions of heal wounds {unknown}
Comestibles
 b - 3 bread rations
 n - a meat ration


   Skills:
 + Level 4.0 Fighting
 + Level 4.5 Long Blades
 + Level 3.6 Dodging
 + Level 2.7 Stealth


You had 4 spell levels left.
You didn't know any spells.

Dungeon Overview and Level Annotations

Branches:
Dungeon (3/15)

Altars:
Ashenzari
Elyvilon
Hepliaklqana
Okawaru
Sif Muna
Trog
Uskayaw

Annotations:
D:3 Sigmund


Innate Abilities, Weirdness & Mutations

Your plain brown scales are hard. (AC +5)
You cannot fit into any form of body armour.
You are cold-blooded and may be slowed by cold attacks.


Message History

Sigmund is heavily wounded.
You hit Sigmund.
Sigmund is heavily wounded.
Sigmund gestures wildly while chanting.
Sigmund flickers and vanishes!
Deactivating autopickup; reactivate with Ctrl-A.
You closely miss something. Something hits you but does no damage.
You hit something.
You hear some strange, mumbled words.
Something tries to affect you, but you resist.
You hit something. Something completely misses you.
You barely miss something. Something hits you.
You miss something. You hit something but do no damage.
You tail-slap something. Something hits you but does no damage.
You miss something. Something hits you! Something freezes you.
* * * LOW HITPOINT WARNING * * *
You hit something but do no damage. You hit something. You tail-slap something.
Something hits you!
You die...

#.#........#.
#>[..........
############........#.
#...................#.
#...................#.
#...................#.
#...................#.
#...................#.
#....@...........$..##
#....{.....!........#
#.................###
###########.......#
#.......# #.......#
#.......# #.......#***
#########*,,


There were no monsters in sight!

Vanquished Creatures
  Natasha (thrice) (D:2)
  An orc wizard (D:3)
  Robin (D:2)
  2 adders
  A worm (D:3)
  3 leopard geckos
  4 orcs (D:3)
  A giant cockroach (D:3)
  14 goblins
  4 hobgoblins
  3 quokkas
  6 bats
  5 frilled lizards
  5 kobolds
  A rat (D:2)
54 creatures vanquished.

Notes
Turn   | Place    | Note
-------+----------+-------------------------------------------
     0 | D:1      | HeyBub the Draconian Monk began the quest for the Orb.
     0 | D:1      | Reached XP level 1. HP: 19/19 MP: 1/1
   216 | D:1      | Reached XP level 2. HP: 26/26 MP: 2/2
   624 | D:2      | Noticed Robin
   649 | D:2      | Killed Robin
   649 | D:2      | Reached XP level 3. HP: 25/33 MP: 3/3
   770 | D:2      | Found a shattered altar of Ashenzari.
   903 | D:2      | Found a bloodstained altar of Trog.
   910 | D:2      | Found a white marble altar of Elyvilon.
   918 | D:2      | Found an iron altar of Okawaru.
   926 | D:2      | Found a hazy altar of Hepliaklqana.
   931 | D:2      | Found a deep blue altar of Sif Muna.
   937 | D:2      | Found a shattered altar of Ashenzari.
   940 | D:2      | Found a hide-covered altar of Uskayaw.
  1030 | D:2      | Noticed Natasha
  1032 | D:2      | Killed Natasha
  1032 | D:2      | Reached XP level 4. HP: 40/40 MP: 4/4
  1321 | D:2      | Noticed Natasha
  1334 | D:2      | Killed Natasha
  1359 | D:2      | Noticed Natasha
  1366 | D:2      | Killed Natasha
  1532 | D:3      | Reached XP level 5. HP: 35/46 MP: 5/5
  1902 | D:3      | Noticed Sigmund
  1931 | D:3      | Slain by Sigmund

Skill      XL: |  1  2  3  4  5 |
---------------+----------------+-----
Dodging        | 3 |  3.6
Stealth        | 2 |  2.7
Long Blades    | 4 |  4.5
Fighting       | 4 |  4.0

Action                   |  1- 3 |  4- 6 || total
-------------------------+-------+-------++-------
Melee: Falchion          |    78 |   103 ||   181
       Tailslap          |    12 |    18 ||    30
  Use: Scroll            |       |     5 ||     5
 Stab: Sleeping          |     3 |       ||     3
       Distracted        |       |     1 ||     1
  Eat: Chunk             |       |     3 ||     3
Armor: Skin              |    22 |    21 ||    43
Dodge: Dodged            |    55 |    68 ||   123
       Rpst.: Falchion   |    18 |    14 ||    32
